 Dungeon Crawl Stone Soup version 0.25-a0-316-gd28d56f9c5 (webtiles) character file.

Game seed: 13135060477221643916, levelgen mode: classic

16051 Borgoz the Cruncher (level 12, -9/76 HPs)
             Began as a Gargoyle Gladiator on Dec 24, 2019.
             Was a Priest of Ashenzari.
             Mangled by Rupert
             ... wielding a +3 great mace of holy wrath
              (10 damage)
             ... on level 12 of the Dungeon.
             The game lasted 00:30:31 (12921 turns).

Borgoz the Cruncher (Gargoyle Gladiator)           Turns: 12921, Time: 00:30:31

Health: -9/76      AC: 29    Str: 18    XL:     12   Next: 33%
Magic:  0/12       EV: 13    Int: 13    God:    Ashenzari [***...]
Gold:   482        SH:  0    Dex: 15    Spells: 11/11 levels left

rFire    . . .     SeeInvis +   a - +1 quarterstaff (curse)
rCold    + . .     Gourm    .   (shield currently unavailable)
rNeg     + . .     Faith    .   u - +3 chain mail {rC+}
rPois    ∞         Spirit   +   k - +2 helmet {Int+3} (curse)
rElec    +         Reflect  .   (no cloak)
rCorr    .         Harm     .   p - +0 pair of gloves
MR       .....                  m - +0 pair of boots
Stlth    ..........             K - amulet of guardian spirit
HPRegen  0.22/turn              (no ring)
MPRegen  0.13/turn              (no ring)

@: very slightly contaminated
A: negative energy resistance 1, electricity resistance, unbreathing,
petrification resistance, rot immunity, AC +8
a: Curse Item, Scrying, Renounce Religion


You were on level 12 of the Dungeon.
You worshipped Ashenzari.
Ashenzari was most pleased with you.
You were very hungry.

You visited 1 branch of the dungeon, and saw 12 of its levels.

You collected 482 gold pieces.

Inventory:

Hand Weapons
 a - a cursed +1 quarterstaff (weapon)
 r - the cursed +1 falchion of Ychedist {drain, rElec Dex+3}
   (You found it on level 8 of the Dungeon)

   A truly terrible weapon, it drains the life of those it strikes.
   It affects your dexterity (+3).
   It insulates you from electricity.
   It has a curse placed upon it.
 J - a +0 quarterstaff of freezing
Armour
 k - a cursed +2 helmet of intelligence (worn)
 m - a +0 pair of boots (worn)
 p - a +0 pair of gloves (worn)
 u - a +3 chain mail of cold resistance (worn)
Jewellery
 b - an uncursed ring of ice
 v - a +2 amulet of reflection
 K - an amulet of guardian spirit (around neck)
Wands
 n - a wand of iceblast (18)
 t - a wand of random effects (11)
 x - a wand of acid (8)
 A - a wand of flame (17)
 C - a wand of digging (6)
Scrolls
 d - a scroll of amnesia
 g - 3 scrolls of magic mapping
 l - 4 scrolls of remove curse
 o - 3 scrolls of enchant armour
 w - a scroll of holy word
 y - a scroll of teleportation
 B - 3 scrolls of fog
 G - a scroll of enchant weapon
 H - a scroll of fear
Potions
 c - a potion of heal wounds
 e - 5 potions of flight
 i - a potion of agility
 q - a potion of magic
 z - a potion of brilliance
 D - 2 potions of curing
 F - a potion of ambrosia
 I - a potion of mutation
Comestibles
 f - 19 rations
 s - a chunk of flesh


   Skills:
 + Level 9.2 Fighting
 * Level 11.7(15.2) Staves
 - Level 1.7 Throwing
 + Level 8.8 Armour
 * Level 10.0 Dodging


You had 11 spell levels left.
You didn't know any spells.
Your spell library was empty.

Dungeon Overview and Level Annotations

Branches:
Dungeon (12/15)              Lair (0/6) D:8             Orc (0/2) D:9
 Temple: D:4-7

Altars:
Ashenzari
Elyvilon
Fedhas
Gozag
Sif Muna
Yredelemnul
The Shining One

Shops:
D:7 [

Annotations:
D:5 Blork the orc
D:12 Rupert


Innate Abilities, Weirdness & Mutations

You are resistant to torment.
Your stone body is resilient. (AC +8)
You are immune to poison.
You resist negative energy. (rN+)
You are resistant to electric shocks. (rElec)
You can survive without breathing.
You are immune to petrification.
You are immune to rotting.


Message History

You bludgeon Rupert!!
Rupert is severely wounded.
You thump Rupert!
Rupert is almost dead.
Rupert closely misses you.
You bludgeon Rupert!!
Rupert is almost dead.
Rupert hits you with a +3 great mace of holy wrath!
* * * LOW HITPOINT WARNING * * *
You hit Rupert.
Rupert is almost dead.
You hit Rupert.
Rupert is almost dead.
Rupert hits you with a +3 great mace of holy wrath!!
* * * LOW HITPOINT WARNING * * *
You closely miss Rupert.
Rupert is almost dead.
Rupert is no longer berserk.
Rupert hits you with a +3 great mace of holy wrath!
You die...

#...#.# #......#
##### # ###.##.#
## *,* #.##)#
.####.* #.##)#
...... #.##)#
.############.##.#
..............##.#
################.#
#@# #@# #.# #.#
##.## #...# #..##
#.## #..#


You could see Rupert.

Vanquished Creatures
  Fannar (D:11)
  Harold (D:8)
  A tengu warrior (D:10)
  4 two-headed ogres
  2 unseen horrors (D:10)
  Pikel (D:7)
  An elephant (D:8)
  A cyclops (D:11)
  Maurice (D:11)
  A gargoyle (D:12)
  Psyche (D:8)
  A troll (D:11)
  Grinder (D:6)
  A hornet (D:11)
  3 slime creatures (D:12)
  3 hippogriffs
  A wyvern (D:11)
  4 yaks (D:8)
  A shadow (D:12)
  A basilisk (D:8)
  A hungry ghost (D:11)
  Duvessa (D:4)
  A water moccasin (D:7)
  A hornet zombie (D:11)
  3 sky beasts
  4 slaves (D:7)
  3 orc warriors
  An eye of draining (D:9)
  2 necrophages
  2 ice beasts
  5 centaurs
  6 ogres
  A phantom (D:5)
  A big kobold (D:8)
  A crocodile (D:8)
  11 bullfrogs
  Dowan (D:4)
  2 scorpions (D:7)
  3 killer bees (D:7)
  10 wights
  2 howler monkeys
  2 crimson imps
  2 quasits
  A bullfrog zombie (D:12)
  3 centaur zombies
  9 jellies
  4 hounds
  An orc priest (D:12)
  A bullfrog skeleton (D:7)
  9 orc wizards
  A centaur skeleton (D:6)
  3 iguanas
  7 worker ants
  2 hound skeletons
  2 worker ant zombies (D:8)
  Robin (D:3)
  15 adders
  14 gnolls
  A howler monkey skeleton (D:6)
  3 shadow imps
  5 adder skeletons
  2 adder zombies
  2 worms
  A dart slug (D:2)
  4 leopard geckos
  32 orcs
  3 giant cockroaches
  10 goblins
  8 hobgoblins
  10 jackals
  11 kobolds
  5 quokkas
  A ball python (D:3)
  8 bats
  11 frilled lizards
  A jackal skeleton (D:4)
  A leopard gecko zombie (D:6)
  13 rats
302 creatures vanquished.

Vanquished Creatures (others)
  An orc (D:8)
1 creature vanquished.

Grand Total: 303 creatures vanquished

Notes
Turn   | Place    | Note
-------+----------+-------------------------------------------
     0 | D:1      | Borgoz the Gargoyle Gladiator began the quest for the Orb.
     0 | D:1      | Reached XP level 1. HP: 12/12 MP: 1/1
   214 | D:1      | Reached XP level 2. HP: 17/17 MP: 2/2
   435 | D:1      | Reached XP level 3. HP: 21/22 MP: 3/3
   813 | D:2      | Reached skill level 1 in Armour
   945 | D:2      | Reached XP level 4. HP: 26/27 MP: 4/4
  1647 | D:3      | Noticed Robin
  1926 | D:3      | Killed Robin
  1926 | D:3      | Reached skill level 4 in Staves
  1926 | D:3      | Reached XP level 5. HP: 29/32 MP: 5/5
  2468 | D:3      | Found a shimmering blue altar of Sif Muna.
  2472 | D:3      | Found an opulent altar of Gozag.
  2472 | D:3      | Found a basalt altar of Yredelemnul.
  2601 | D:4      | Found a white marble altar of Elyvilon.
  2626 | D:4      | Noticed Dowan
  2627 | D:4      | Noticed Duvessa
  2640 | D:4      | Killed Duvessa
  2640 | D:4      | Reached XP level 6. HP: 24/37 MP: 6/6
  2652 | D:4      | Killed Dowan
  3374 | D:5      | Entered Level 5 of the Dungeon
  3486 | D:5      | Noticed Blork the orc
  3840 | D:5      | Reached skill level 5 in Staves
  3840 | D:5      | Reached XP level 7. HP: 16/42 MP: 7/7
  4386 | D:6      | Reached XP level 8. HP: 48/48 MP: 8/8
  4450 | D:6      | Reached skill level 6 in Staves
  4450 | D:6      | Reached skill level 5 in Dodging
  4584 | D:6      | Found a shattered altar of Ashenzari.
  4595 | D:6      | Became a worshipper of Ashenzari the Shackled
  4847 | D:6      | Found a blossoming altar of Fedhas.
  4879 | D:6      | Reached skill level 5 in Fighting
  4965 | D:6      | Noticed Grinder
  4974 | D:6      | Paralysed by Grinder for 4 turns
  4984 | D:6      | Paralysed by Grinder for 6 turns
  5016 | D:6      | Paralysed by Grinder for 7 turns
  5027 | D:6      | Paralysed by Grinder for 4 turns
  5032 | D:6      | Killed Grinder
  5327 | D:6      | Reached skill level 7 in Staves
  5459 | D:6      | Reached XP level 9. HP: 9/54 MP: 9/9
  6033 | D:7      | Reached skill level 5 in Armour
  6180 | D:7      | Found Nuicas's Armour Shoppe.
  6432 | D:7      | Reached skill level 8 in Staves
  6636 | D:7      | Noticed Pikel
  6696 | D:7      | Killed Pikel
  6900 | D:8      | Identified the cursed +1 falchion of Ychedist {drain, rElec
                  | Dex+3}
  6962 | D:8      | Reached XP level 10. HP: 46/61 MP: 10/10
  7062 | D:8      | Noticed a two-headed ogre
  7077 | D:8      | Killed a two-headed ogre
  7077 | D:8      | Reached skill level 9 in Staves
  7440 | D:8      | Noticed Harold
  7442 | D:8      | Noticed Psyche
  7444 | D:8      | Noticed an elephant
  7477 | D:9      | Reached * piety under Ashenzari
  7712 | D:10     | Entered Level 10 of the Dungeon
  7899 | D:9      | Found a staircase to the Orcish Mines.
  8221 | D:8      | Found a staircase to the Lair.
  8568 | D:8      | Killed Psyche
  8621 | D:8      | Killed Harold
  8621 | D:8      | Reached skill level 10 in Staves
  8621 | D:8      | Reached XP level 11. HP: 29/68 MP: 11/11
  8917 | D:8      | Noticed a two-headed ogre
  8930 | D:8      | Killed a two-headed ogre
  9186 | D:9      | Noticed a two-headed ogre
  9197 | D:9      | Killed a two-headed ogre
  9216 | D:9      | Found a glowing golden altar of the Shining One.
  9404 | D:9      | Reached ** piety under Ashenzari
  9617 | D:10     | Killed an unseen horror
  9759 | D:10     | Killed an unseen horror
 10234 | D:10     | Noticed a tengu warrior
 10270 | D:10     | Killed a tengu warrior
 10270 | D:10     | Reached skill level 11 in Staves
 10793 | D:11     | Noticed a two-headed ogre
 10836 | D:11     | Killed a two-headed ogre
 10845 | D:11     | HP: 2/69 [orc warrior/+0 dire flail (13)]
 11137 | D:11     | Noticed a cyclops
 11158 | D:11     | Killed a cyclops
 11158 | D:11     | Reached XP level 12. HP: 32/75 MP: 12/12
 11472 | D:11     | Noticed Maurice
 11544 | D:11     | Reached *** piety under Ashenzari
 11622 | D:11     | Noticed Fannar
 11662 | D:11     | Killed Fannar
 11988 | D:11     | Killed Maurice
 12252 | D:12     | Reached skill level 10 in Dodging
 12827 | D:12     | Noticed Rupert
 12831 | D:12     | Paralysed by Rupert for 4 turns
 12920 | D:12     | HP: 1/76 [Rupert/+3 great mace of holy wrath (21)]
 12921 | D:12     | Mangled by Rupert

Levels and vault maps discovered:
D:1:      dpeg_arrival_rooms_a, layout_loops_ring,
          chequers_serial_rivers_micro_b
D:2:      minmay_alternating_diamond, layout_rooms
D:3:      layout_loops_corners, gammafunk_temple_overflow_forgotten,
          first_ration, minmay_misc_feat_five, uniq_robin
D:4:      layout_loops_cross, elyvilon_altar_4, uniq_duvessa
D:5:      layout_basic, minmay_temple_entry_trees, uniq_blork_the_orc
D:6:      minmay_inner_zag, layout_loops_ring, basic_altar, fedhas_altar_2,
          uniq_grinder
D:7:      layout_rooms, serial_shops, nicolae_shop_crystal, uniq_pikel
D:8:      layout_loops_corners, david_lair_generic, uniq_psyche, uniq_harold
D:9:      layout_long_grid, kennysheep_little_box, orc_0_dummy
D:10:     layout_basic, serial_undead, serial_undead_b, serial_undead_a,
          serial_undead_a, serial_undead_c, grunt_tengu_nest
D:11:     layout_gridville, uniq_fannar, uniq_maurice
D:12:     layout_loops_ring, uniq_rupert

Skill      XL: |  1  2  3  4  5  6  7  8  9 10 11 12 |
---------------+-------------------------------------+-----
Armour         | 1 2 3 4 6 7 8 |  8.8
Dodging        | 3 4 5 7 8 9 10 | 10.0
Fighting       | 3 4 5 6 7 8 9 |  9.2
Staves         | 4 5 7 8 10 11 | 11.7
Throwing       | |  1.7

Action                   |  1- 3 |  4- 6 |  7- 9 | 10-12 || total
-------------------------+-------+-------+-------+-------++-------
Melee: Quarterstaff      |   117 |   242 |   505 |   919 ||  1783
       Staff             |     1 |       |       |       ||     1
Throw: Throwing net      |       |     1 |     6 |     7 ||    14
Invok: Curse Item        |       |       |     3 |       ||     3
Evoke: Wand              |       |       |       |    11 ||    11
  Use: Potion            |       |     4 |     2 |     7 ||    13
       Scroll            |       |     6 |     6 |    12 ||    24
 Stab: Held in net/web   |       |       |     4 |     4 ||     8
       Invisible         |       |       |     6 |       ||     6
  Eat: Chunk             |       |     7 |     9 |    18 ||    34
       Ration            |       |     1 |       |     1 ||     2
Armor: Leather armour    |    29 |       |       |       ||    29
       Ring mail         |    19 |   167 |    43 |       ||   229
       Scale mail        |       |       |   231 |   298 ||   529
       Skin              |       |       |     4 |       ||     4
       Chain mail        |       |       |       |    99 ||    99
Dodge: Dodged            |    84 |   205 |   355 |   468 ||  1112
Block: Other             |       |       |    11 |    35 ||    46

Table legend:
 A = Non-vault XP
 B = Vault XP
 C = Vault XP percentage of total XP
 D = Non-vault monster count
 E = Vault monster count
 F = Vault count percentage of total count
                 A         B        C        D         E       F
            +---------+---------+-------+---------+---------+-------
      Total |   16368 |    6563 |  28.6 |     264 |      34 |  11.4
            +---------+---------+-------+---------+---------+-------
        D:1 |      35 |       0 |   0.0 |      23 |       0 |   0.0
        D:2 |     100 |       2 |   2.0 |      27 |       2 |   6.9
        D:3 |      21 |      22 |  51.2 |      12 |       5 |  29.4
        D:4 |     104 |     231 |  69.0 |      14 |       5 |  26.3
        D:5 |     348 |       0 |   0.0 |       9 |       0 |   0.0
        D:6 |    1241 |     570 |  31.5 |      29 |       7 |  19.4
        D:7 |    1044 |     607 |  36.8 |      30 |       1 |   3.2
        D:8 |    3819 |    2227 |  36.8 |      39 |       5 |  11.4
        D:9 |    1705 |     223 |  11.6 |      16 |       1 |   5.9
       D:10 |    2468 |    1205 |  32.8 |      17 |       6 |  26.1
       D:11 |    3435 |    1476 |  30.1 |      30 |       2 |   6.2
       D:12 |    2048 |       0 |   0.0 |      18 |       0 |   0.0
            +---------+---------+-------+---------+---------+-------
